 Dungeon Crawl Stone Soup version 0.20-a0-2-g2b0e13a (console) character file.

74866 brucemayne the Executioner (level 15, -4/129 HPs)
             Began as a Hill Orc Monk on Oct 28, 2016.
             Was a High Priest of Makhleb.
             Slain by a salamander
             ... wielding a +3 halberd of venom
              (6 damage)
             ... on level 1 of the Snake Pit on Oct 29, 2016.
             The game lasted 01:10:32 (9966 turns).

brucemayne the Executioner (Hill Orc Monk)          Turns: 9966, Time: 01:10:33

Health: -4/129     AC: 16    Str: 21    XL:     15   Next: 4%
Magic:  0/23       EV: 13    Int: 10    God:    Makhleb [*****.]
Gold:   1886       SH:  5    Dex: 13    Spells: 0 memorised, 14 levels left

rFire  + . .     SeeInvis +     Q - +2 broad axe (flame)
rCold  + + .     Gourm    .     M - +0 swamp dragon scales
rNeg   . . .     Faith    .     n - +0 buckler
rPois  +         Spirit   +     U - +1 hat {SInv}
rElec  +         Reflect  .     (no cloak)
rCorr  +         Harm     .     D - +0 pair of gloves
MR     +....                    o - +2 pair of boots
Stlth  +.........               m - amulet of guardian spirit
                                d - +1 ring of protection
                                r - ring of protection from cold

@: resistant, constricted
A: no striking features
a: Minor Destruction, Lesser Servant of Makhleb, Major Destruction, Greater
Servant of Makhleb, Renounce Religion
}: 1/15 runes: decaying


You were on level 1 of the Snake Pit.
You worshipped Makhleb.
Makhleb was extremely pleased with you.
You were hungry.

You visited 6 branches of the dungeon, and saw 26 of its levels.
You visited 1 bazaar.

You collected 2475 gold pieces.
You spent 589 gold pieces at shops.

Inventory:

Hand Weapons
 b - a +0 blowgun
 g - a +2 dagger of distortion
 p - a +0 battleaxe of flaming
 y - the +4 arbalest "Evepilu" {penet, MR+ Str-3 Dex+4, unknown}
   (You found it on level 5 of the Dungeon)

   Ammo fired by it will pass through the targets it hits, potentially hitting
   all targets in its path until it reaches maximum range.
   It affects your strength (-3).
   It affects your dexterity (+4).
   It affects your resistance to hostile enchantments.
 Q - a +2 broad axe of flaming (weapon)
Missiles
 h - 4 curare-tipped needles
 s - 4 poisoned needles
 u - 7 needles of confusion
Armour
 n - a +0 buckler (worn)
 o - a +2 pair of boots (worn)
 D - a +0 pair of gloves (worn)
 F - a +0 helmet
 K - a +0 troll leather armour
 M - +0 swamp dragon scales (worn)
 N - the +0 plate armour "Cekkuecuf" {-Cast +Blink MR+}
   (You bought it in a shop in a bazaar)

   It affects your resistance to hostile enchantments.
   It lets you blink.
   It prevents spellcasting.
 U - a +1 hat of see invisible (worn)
Jewellery
 d - a +1 ring of protection (right hand)
 e - an uncursed ring of flight
 j - an uncursed ring of wizardry
 m - an amulet of guardian spirit (around neck)
 r - a ring of protection from cold (left hand)
 A - an uncursed ring of positive energy
Wands
 w - a wand of digging (21/24)
 G - a wand of lightning (4/15)
 I - a wand of iceblast (6/15)
 J - a wand of iceblast (8/15)
 L - a wand of disintegration (12/24)
 P - a wand of hasting (4/9)
Scrolls
 a - 2 scrolls of magic mapping
 i - 5 scrolls of remove curse
 q - 9 scrolls of teleportation
 C - 3 scrolls of identify
 T - 3 scrolls of amnesia
Potions
 l - a potion of lignification
 v - 2 potions of magic
 z - a potion of might
 B - 2 potions of resistance
 H - 2 potions of haste
 V - a potion of agility
Books
 x - a book of Debilitation

   Spells                             Type                      Level
   a - Corona                         Hexes                        1
   b - Slow                           Hexes                        2
   c - Gell's Gravitas                Hexes/Translocation          3
   d - Inner Flame                    Hexes/Fire                   3
   e - Cause Fear                     Hexes                        4
   f - Leda's Liquefaction            Hexes/Earth                  4
 O - a book of Maledictions

   Spells                             Type                      Level
   a - Corona                         Hexes                        1
   b - Ensorcelled Hibernation        Hexes/Ice                    2
   c - Confuse                        Hexes                        3
   d - Tukima's Dance                 Hexes                        3
   e - Dazzling Spray                 Conjuration/Hexes            3
Miscellaneous
 R - a fan of gales
 W - a phial of floods
Comestibles
 c - 3 bread rations
 f - 3 fruits
 k - 9 meat rations
 E - 2 beef jerkies


   Skills:
 + Level 11.1 Fighting
 - Level 21.0 Axes
 + Level 8.4 Armour
 - Level 10.0 Dodging
 - Level 1.5 Stealth
 - Level 6.0 Shields
 + Level 11.6 Invocations


You had 14 spell levels left.
You didn't know any spells.

Dungeon Overview and Level Annotations

Branches:
Dungeon (12/15)            Temple (1/1) D:6            Lair (6/6) D:8
  Swamp (4/4) Lair:2        Snake (1/4) Lair:2          Orc (2/2) D:10
  Slime: Lair:5-6       Elf: Orc:2

Altars:
Ashenzari
Dithmenos
Fedhas
Hepliaklqana
Kikubaaqudgha
Makhleb
Okawaru
Qazlal
Ru
Sif Muna
Vehumet
Xom
The Shining One
Beogh

Shops:
D:4 (   D:8 (   Orc:1 :   Orc:2 ?(?:

Annotations:
D:6 Eustachio
Lair:1 exclusion: downstairs


Message History

You are engulfed in flames.
You resist.
* * * LOW HITPOINT WARNING * * *
The shock serpent shoots out a bolt of lightning at you!
The bolt of electricity hits you! You resist.
* * * LOW HITPOINT WARNING * * *
The naga mage hits you.
* * * LOW HITPOINT WARNING * * *
The naga mage constricts you.
Unknown command.
Press: ? - help, v - describe, . - travel
Here: a naga, wielding a scimitar The floor.
You closely miss the shock serpent.
The shock serpent is severely wounded.
You completely miss the naga. You barely miss the naga mage.
The shock serpent bites you but does no damage.
The salamander hits you from afar with a halberd of venom.
* * * LOW HITPOINT WARNING * * *
You are engulfed in flames.
You resist.
You die...

####..#####.
#..#......#.
###..#.#....#.
###......##...#.
##.#.).)...#..##.
#..........#..#..
#####..###.######....
#..N...# #?.....###..
#..N@.##.####.###.#..
#..S)##.....?........
#..N##...####.....###
#...# #....## ###)#
#...## #.# ###.# #..#
#.# #.... ### ....#N.


You could see a salamander, a shock serpent, a naga mage and a naga.

Vanquished Creatures
  A thorn hunter (Swamp:4)
  2 ogre magi (Orc:2)
  18 hydras
  A naga warrior (Snake:1)
  2 catoblepae (Lair:6)
  2 alligators (Swamp:4)
  3 death yaks (Lair:6)
  Sonja (Lair:2)
  2 spriggans
  7 swamp dragons
  A spriggan druid (Swamp:4)
  A lindwurm (Lair:6)
  A hill giant (D:11)
  A mana viper (Snake:1)
  An orc knight (Orc:2)
  3 orc sorcerers (Orc:2)
  A salamander (Snake:1)
  3 black mambas
  6 elephants
  A guardian serpent (Snake:1)
  5 spiny frogs
  3 torpor snails
  5 komodo dragons
  6 tyrant leeches
  Prince Ribbit (D:8)
  A two-headed ogre (Orc:2)
  3 blink frogs (Lair:6)
  3 hornets
  10 bog bodies (Swamp:4)
  3 hippogriffs
  4 dream sheep (Lair:6)
  A shadow (D:12)
  3 wyverns
  29 yaks
  4 vampire mosquitoes (Swamp:1)
  10 swamp worms
  2 insubstantial wisps (Swamp:4)
  4 wargs
  A mottled dragon (D:12)
  5 nagas
  A soldier ant (D:12)
  8 water moccasins
  7 porcupines
  7 swamp drakes
  5 orc warriors
  An eye of draining (D:8)
  A phantom (D:8)
  4 wolves (Lair:2)
  5 ice beasts
  A black bear (D:8)
  2 centaurs
  7 ogres
  8 crocodiles
  2 big kobolds (D:7)
  A gnoll sergeant (D:11)
  6 bullfrogs
  A killer bee (D:8)
  5 wights
  3 howler monkeys
  2 crimson imps
  7 hounds
  10 orc priests
  A bullfrog skeleton (D:5)
  Natasha (twice) (D:3)
  2 iguanas
  23 orc wizards
  4 worker ants
  A hound skeleton (D:9)
  A worker ant zombie (D:8)
  3 adders
  14 gnolls
  An ooze (D:1)
  An adder skeleton (D:4)
  2 worms (D:5)
  A dart slug (D:4)
  3 leopard geckos
  62 orcs
  3 giant cockroaches
  A hobgoblin (D:2)
  10 jackals
  13 kobolds
  2 quokkas
  4 bats
  5 frilled lizards
  3 goblins (D:1)
  A quokka skeleton (D:6)
  A quokka zombie (D:8)
  3 rats
  7 fungi
  10 plants
439 creatures vanquished.

Vanquished Creatures (collateral kills)
  An ogre mage (Orc:2)
  A catoblepas (Lair:6)
  2 hydras
  The ghost of happinesssam the Earth Mage, a journeyman GrEE of Vehumet (Lair:4)
  A death yak (Lair:6)
  Nergalle (Orc:2)
  A swamp dragon (Swamp:4)
  3 orc sorcerers (Orc:2)
  2 elephants (Lair:1)
  A spiny frog (Lair:4)
  A polar bear (Lair:6)
  A troll (D:10)
  A hippogriff (Lair:6)
  A blink frog (Lair:6)
  6 yaks (Lair:6)
  An insubstantial wisp (Swamp:4)
  A naga (Lair:2)
  An orc warrior (Orc:2)
  2 swamp drakes (Swamp:4)
  An ogre (Orc:2)
  A bullfrog (Lair:4)
  An orc priest (Orc:2)
  8 orc wizards (Orc:2)
  A worker ant (D:10)
  2 orcs (Orc:2)
  A fungus (Swamp:4)
  2 plants
46 creatures vanquished.

Vanquished Creatures (others)
  A bog body (Swamp:4)
  A leopard gecko (D:6)
  A quokka (D:6)
  13 fungi
  15 plants
31 creatures vanquished.

Grand Total: 516 creatures vanquished

Notes
Turn   | Place    | Note
-------+----------+-------------------------------------------
     0 | D:1      | brucemayne the Hill Orc Monk began the quest for the Orb.
     0 | D:1      | Reached XP level 1. HP: 19/19 MP: 1/1
    22 | D:1      | Reached XP level 2. HP: 19/26 MP: 2/2
    60 | D:1      | Reached skill level 5 in Axes
   130 | D:3      | Found a sacrificial altar of Ru.
   329 | D:1      | Reached XP level 3. HP: 29/31 MP: 3/3
   533 | D:3      | Noticed Natasha
   545 | D:3      | Killed Natasha
   545 | D:3      | Reached skill level 6 in Axes
   557 | D:3      | Reached XP level 4. HP: 23/39 MP: 4/4
   659 | D:3      | Noticed Natasha
   677 | D:4      | Reached skill level 7 in Axes
   717 | D:4      | Reached XP level 5. HP: 29/45 MP: 5/5
   787 | D:5      | Entered Level 5 of the Dungeon
   857 | D:4      | Reached skill level 8 in Axes
   926 | D:4      | Reached XP level 6. HP: 22/51 MP: 4/6
  1101 | D:4      | Reached skill level 9 in Axes
  1139 | D:4      | Found Maps's Antique Weapon Emporium.
  1194 | D:5      | Got a pitted arbalest
  1322 | D:3      | Reached skill level 10 in Axes
  1322 | D:3      | Reached XP level 7. HP: 51/57 MP: 5/7
  1353 | D:3      | Killed Natasha
  1451 | D:4      | Bought a war axe for 80 gold pieces
  1610 | D:5      | Reached skill level 11 in Axes
  1804 | D:5      | Reached skill level 12 in Axes
  1804 | D:5      | Reached XP level 8. HP: 29/64 MP: 4/8
  2089 | D:7      | Reached skill level 13 in Axes
  2478 | D:4      | Found a stormy altar of Qazlal.
  2638 | D:6      | Found a radiant altar of Vehumet.
  2643 | D:6      | Found a staircase to the Ecumenical Temple.
  2654 | Temple   | Entered the Ecumenical Temple
  2666 | Temple   | Became a worshipper of Makhleb the Destroyer
  2666 | Temple   | Reached * piety under Makhleb
  2666 | Temple   | Reached ** piety under Makhleb
  2699 | D:6      | Noticed Eustachio
  2756 | D:8      | Reached skill level 14 in Axes
  2790 | D:8      | Reached skill level 1 in Armour
  2790 | D:8      | Reached XP level 9. HP: 71/71 MP: 7/9
  2973 | D:8      | Found Inus's Weapon Boutique.
  2980 | D:8      | Noticed Prince Ribbit
  3084 | D:8      | Killed Prince Ribbit
  3084 | D:8      | Reached skill level 5 in Fighting
  3324 | D:8      | Reached skill level 5 in Invocations
  3378 | D:8      | Found a staircase to the Lair.
  3498 | D:8      | Reached *** piety under Makhleb
  3697 | D:8      | Reached XP level 10. HP: 38/84 MP: 14/14
  3773 | D:10     | Entered Level 10 of the Dungeon
  3966 | D:10     | Found a staircase to the Orcish Mines.
  3972 | D:10     | Reached skill level 15 in Axes
  4026 | Orc:1    | Entered Level 1 of the Orcish Mines
  4159 | Orc:2    | Entered Level 2 of the Orcish Mines
  4512 | Orc:1    | Found Zeaq's Book Shoppe.
  4608 | Orc:2    | Reached skill level 16 in Axes
  4714 | Orc:2    | Noticed an ogre mage
  4742 | Orc:2    | Killed an ogre mage
  4758 | Orc:2    | Noticed an orc sorcerer
  4758 | Orc:2    | Paralysed by an orc sorcerer for 3 turns
  4781 | Orc:2    | Killed an orc sorcerer
  4808 | Orc:2    | Noticed an orc sorcerer
  4814 | Orc:2    | Killed an orc sorcerer
  4817 | Orc:2    | Found Zadiacae's Book Shop.
  4822 | Orc:2    | Reached XP level 11. HP: 94/94 MP: 10/15
  4834 | Orc:2    | Found a radiant altar of Vehumet.
  4834 | Orc:2    | Noticed an orc sorcerer
  4834 | Orc:2    | Noticed an orc sorcerer
  4835 | Orc:2    | Noticed an ogre mage
  4836 | Orc:2    | Killed an orc sorcerer
  4836 | Orc:2    | Reached skill level 5 in Armour
  4845 | Orc:2    | Noticed an orc sorcerer
  4845 | Orc:2    | Killed an orc sorcerer
  4856 | Orc:2    | Killed an ogre mage
  4857 | Orc:2    | Paralysed by an orc sorcerer for 2 turns
  4862 | Orc:2    | Killed an orc sorcerer
  4869 | Orc:2    | Found Nyrij's Magic Scroll Boutique.
  4875 | Orc:2    | Noticed an ogre mage
  4877 | Orc:2    | Found a roughly hewn altar of Beogh.
  4903 | Orc:2    | Paralysed by an ogre mage for 3 turns
  4910 | Orc:2    | Killed an ogre mage
  4911 | Orc:2    | Noticed Nergalle
  4918 | Orc:2    | HP: 4/97 [Nergalle/bolt of negative energy (28)]
  4919 | Orc:2    | Killed Nergalle
  4921 | Orc:2    | Found Tymuv's Magic Scroll Shop.
  4921 | Orc:2    | Noticed an orc sorcerer
  4927 | Orc:2    | Noticed a sun demon
  4930 | Orc:2    | Killed an orc sorcerer
  4961 | Orc:2    | Found Her Ytee's Antique Weapon Shop.
  4989 | Orc:2    | Bought a scroll of magic mapping for 45 gold pieces
  4991 | Orc:2    | Found an ancient bone altar of Kikubaaqudgha.
  5046 | Orc:2    | Bought a scroll of identify for 28 gold pieces
  5046 | Orc:2    | Bought a scroll of teleportation for 42 gold pieces
  5143 | Orc:2    | Reached skill level 10 in Fighting
  5200 | Orc:2    | Noticed an orc knight
  5213 | Orc:2    | Killed an orc knight
  5345 | D:11     | Found a flickering gateway to a bazaar.
  5352 | D:11     | Noticed a hill giant
  5354 | Bazaar   | Entered a bazaar
  5357 | Bazaar   | Found Kuxautec's Armour Shop.
  5389 | Bazaar   | Found Taose's Gadget Shop.
  5417 | Bazaar   | Found Nageti's Gadget Boutique.
  5441 | Bazaar   | Found Maad's Magic Scroll Shop.
  5446 | Bazaar   | Bought a scroll of identify for 18 gold pieces
  5446 | Bazaar   | Bought a scroll of identify for 18 gold pieces
  5460 | Bazaar   | Bought the cursed +0 plate armour "Cekkuecuf" {-Cast +Blink MR+} for 358 gold pieces
  5489 | D:11     | Killed a hill giant
  5525 | D:11     | Reached **** piety under Makhleb
  5561 | D:11     | Reached skill level 17 in Axes
  5565 | D:11     | Found a shimmering altar of Xom.
  5567 | D:12     | Noticed a six-headed hydra
  5575 | D:12     | Killed a two-headed hydra
  5607 | D:12     | Noticed a six-headed hydra
  5615 | D:12     | Killed a three-headed hydra
  5689 | D:11     | Reached skill level 18 in Axes
  5753 | D:10     | Reached XP level 12. HP: 61/107 MP: 12/16
  5862 | Lair:1   | Entered Level 1 of the Lair of Beasts
  5950 | Lair:1   | Noticed an eight-headed hydra
  5959 | Lair:1   | Killed a five-headed hydra
  5959 | Lair:1   | Reached skill level 19 in Axes
  5962 | Lair:1   | Noticed a seven-headed hydra
  5972 | Lair:1   | Killed a four-headed hydra
  6010 | Lair:2   | Noticed Sonja
  6189 | Lair:2   | Found a staircase to the Snake Pit.
  6334 | Lair:1   | Noticed a five-headed hydra
  6347 | Lair:1   | Killed a one-headed hydra
  6491 | Lair:2   | Killed Sonja
  6491 | Lair:2   | Reached skill level 20 in Axes
  6699 | Lair:4   | Noticed a seven-headed hydra
  6708 | Lair:4   | Killed a four-headed hydra
  6724 | Lair:4   | Noticed happinesssam's ghost (journeyman GrEE)
  6733 | Lair:4   | Killed happinesssam's ghost
  6872 | Lair:4   | Reached skill level 21 in Axes
  6923 | Lair:6   | Entered Level 6 of the Lair of Beasts
  6938 | Lair:6   | Reached XP level 13. HP: 82/114 MP: 17/17
  7029 | Lair:6   | Reached skill level 5 in Dodging
  8180 | Lair:2   | Found a staircase to the Swamp.
  8240 | Swamp:1  | Entered Level 1 of the Swamp
  8295 | Swamp:1  | Reached XP level 14. HP: 72/122 MP: 9/18
  8361 | Swamp:1  | Reached skill level 10 in Dodging
  8521 | Swamp:2  | Reached skill level 1 in Shields
  8593 | Swamp:4  | Entered Level 4 of the Swamp
  8734 | Swamp:4  | Reached skill level 5 in Shields
  8922 | Swamp:4  | Reached ***** piety under Makhleb
  9156 | Swamp:4  | Noticed a thorn hunter
  9353 | Swamp:4  | Killed a thorn hunter
  9353 | Swamp:4  | Reached skill level 10 in Invocations
  9391 | Swamp:4  | Got a decaying rune of Zot
  9832 | Snake:1  | Entered Level 1 of the Snake Pit
  9864 | Snake:1  | Reached XP level 15. HP: 93/129 MP: 13/23
  9963 | Snake:1  | HP: 2/129 [salamander/halberd of venom (7)]
  9966 | Snake:1  | Slain by a salamander

Vault maps used:
D:1:      lightli_arrival_boilingwater, grunt_decor_cap
D:2:      first_bread
D:3:      marbit_many_paths, old_standard_altar, glass_columns_a, uniq_natasha
D:4:      serial_shops, shop, nicolae_qazlal_general_emergency
D:5:      kennysheep_windowed_halls
D:6:      fiery_altar_vehumet, elyvilon_altar_4, uniq_eustachio
D:7:      nemelex_xobeh_ov_fountains_minmay, serial_glass, glass_columns_a,
          glass_columns_a, grunt_ogre_cave
D:8:      erik_lair_orcish_takeover, nicolae_ossuary_entry_catacombs,
          serial_shops, shop, serial_undead, serial_undead_b, serial_undead_b,
          serial_undead_f, serial_undead_e, zaba_anthole, uniq_prince_ribbit1
D:10:     orc_0_dummy, uniq_grum
D:11:     serial_shops, bzr_entry_islet, lemuel_tele_altar, uniq_fannar
D:12:     uniq_rupert, uniq_harold, uniq_frances
Temple:   eino_temple_rhombus
Lair:1:   minmay_stone_trees_small, lemuel_fruit_fields
Lair:2:   minmay_swamp_entry_worms, minmay_snake_entry_guardpost_small,
          lemuel_fruit_fields, uniq_sonja
Lair:4:   grunt_megastairs_2, serial_bayou_shore_a
Lair:5:   dpeg_slime_entry_corner
Lair:6:   evilmike_catoblepas_cave
Swamp:1:  serial_swamp_ruin, evilmike_swamp_ruin_house_2,
          evilmike_swamp_ruin_house_5, swamp_pool4
Swamp:2:  infiniplex_staircase_pool, uniq_jorgrun
Swamp:3:  evilmike_swamp_ruin_house_1, nicolae_swamp_rocky_clearing, swamp_pool4
Swamp:4:  grunt_swamp_rune_castle
Orc:1:    serial_shops, shop_fountains
Orc:2:    kennysheep_orc_mage_school, abandoned_shop
Bazaar:   bazaar_jpeg_honeycomb

Skill      XL: |  1  2  3  4  5  6  7  8  9 10 11 12 13 14 |
---------------+-------------------------------------------+-----
Axes           | 5 6 7 8 10 12 14 16 18 21 | 21.0
Fighting       | 4 6 8 10 11 | 11.1
Armour         | 1 3 4 7 8 |  8.4
Invocations    | 6 11 | 11.6
Dodging        | 9 10 | 10.0
Shields        | 6 |  6.0
Stealth        | |  1.5

Action                   |  1- 3 |  4- 6 |  7- 9 | 10-12 | 13-15 || total
-------------------------+-------+-------+-------+-------+-------++-------
Melee: Hand axe          |    76 |   187 |    38 |       |       ||   301
       War axe           |       |       |   477 |   240 |       ||   717
       Battleaxe         |       |       |       |   234 |   651 ||   885
       Broad axe         |       |       |       |       |    46 ||    46
Invok: Lesser Servant of |       |       |       |    14 |    19 ||    33
Evoke: Wand              |       |       |     4 |     5 |     2 ||    11
  Use: Potion            |     1 |     3 |     3 |     4 |    13 ||    24
       Scroll            |       |       |     9 |     4 |    13 ||    26
 Stab: Sleeping          |     1 |       |       |       |       ||     1
       Distracted        |       |       |       |     3 |     8 ||    11
  Eat: Chunk             |       |     2 |     4 |     9 |     5 ||    20
       Fruit             |       |       |     2 |     2 |     6 ||    10
       Beef jerky        |       |       |     1 |       |       ||     1
       Pizza             |       |       |     1 |       |       ||     1
Armor: Robe              |     1 |       |       |       |       ||     1
       Chain mail        |    38 |    97 |   299 |    21 |       ||   455
       Troll leather arm |       |       |       |    50 |       ||    50
       Plate armour      |       |       |       |   172 |   186 ||   358
       Swamp dragon scal |       |       |       |       |   112 ||   112
       Skin              |       |       |       |       |    45 ||    45
Dodge: Dodged            |    41 |    56 |   169 |   167 |   265 ||   698
Block: Buckler           |       |       |       |       |    12 ||    12
